[ AOE2 MATCH · #478500036 ]
UnrankedMongols vs Franks
[ REPLAY ANALYSIS · EXTRACTED FROM THE RECORDED GAME ]
Feudal
10:06
Castle
17:54
Imperial
36:15
| APM avg | 27.8 |
| APM peak | 70 |
| eAPM avg | 18.2 |
| Villagers / military | 162 / 430 |
Focus
⚔️ 26.5% · 🌾 73.5%
Scout Cavalry ×279 · Mangudai ×142 · Trade Cart ×8 · Mangonel ×4 · Spearman ×3 · Steppe Lancer ×2
Feudal
11:03
Castle
24:32
Imperial
40:34
| APM avg | 21.1 |
| APM peak | 58 |
| eAPM avg | 11.8 |
| Villagers / military | 190 / 202 |
Focus
⚔️ 30.1% · 🌾 69.9%
Knight ×87 · Scout Cavalry ×49 · Archer ×40 · Trade Cart ×35 · Throwing Axeman ×15 · Skirmisher ×6
Feudal
10:59
Castle
19:37
Imperial
35:40
| APM avg | 22.1 |
| APM peak | 74 |
| eAPM avg | 19.1 |
| Villagers / military | 162 / 373 |
Focus
⚔️ 42.8% · 🌾 57.2%
Leitis ×188 · Skirmisher ×173 · Trade Cart ×30 · Trebuchet (Packed) ×11 · Monk ×1
Feudal
13:05
Castle
22:20
Imperial
34:49
| APM avg | 19.5 |
| APM peak | 49 |
| eAPM avg | 13.0 |
| Villagers / military | 127 / 293 |
Focus
⚔️ 26.8% · 🌾 73.2%
Janissary ×221 · Spearman ×49 · Trade Cart ×34 · Bombard Cannon ×23
Match map
Initial resources + every placement click. Lines = walls · curves = elevation contours. ◆ gold · ⬟ stone · ● berries · ✦ relic · ◌ wall gap
Your base· ✓ Closed at 17:54 · 0t walls · no gate
Psaja's base· ✓ Closed at 24:32 · 0t walls · 1 gate(s)
eh's base· ✓ Closed at 19:37 · 0t walls · no gate
Subzero's base· ✓ Closed at 22:20 · 25t walls · no gate
Smoothed initial terrain · ◌ = detected wall gap · hover for details
Inputs per minute
— 76561198443206480 - - Psaja
Build order — 76561198443206480
First 150 of 528 actions detected
| 0:01 | Create | Villager (Male) |
| 0:02 | Create | Villager (Male) |
| 0:02 | Create | Villager (Male) |
| 0:03 | Build | House |
| 0:05 | Build | House |
| 0:05 | Create | Villager (Male) |
| 1:27 | Create | Villager (Male) |
| 1:50 | Build | Lumber Camp |
| 2:05 | Create | Villager (Male) |
| 2:44 | Create | Villager (Male) |
| 2:58 | Create | Villager (Male) |
| 2:58 | Create | Villager (Male) |
| 3:27 | Create | Villager (Male) |
| 3:28 | Create | Villager (Male) |
| 3:47 | Build | House |
| 4:17 | Create | Villager (Male) |
| 4:17 | Create | Villager (Male) |
| 4:17 | Create | Villager (Male) |
| 4:58 | Create | Villager (Male) |
| 5:22 | Create | Villager (Male) |
| 5:44 | Create | Villager (Male) |
| 6:00 | Build | House |
| 6:11 | Create | Villager (Male) |
| 6:58 | Create | Villager (Male) |
| 6:59 | Create | Villager (Male) |
| 7:07 | Build | Mill |
| 7:34 | Build | Mining Camp |
| 7:56 | Research | Feudal Age |
| 8:38 | Build | House |
| 9:54 | Create | Villager (Male) |
| 9:55 | Create | Villager (Male) |
| 9:55 | Create | Villager (Male) |
| 10:06 | Age | Feudal Age |
| 10:07 | Research | Double-Bit Axe |
| 10:27 | Build | Market |
| 10:35 | Build | Blacksmith |
| 10:49 | Build | Farm |
| 11:32 | Build | Farm |
| 11:35 | Build | Farm |
| 11:37 | Create | Villager (Male) |
| 11:37 | Create | Villager (Male) |
| 11:47 | Build | Farm |
| 12:18 | Create | Villager (Male) |
| 12:19 | Create | Villager (Male) |
| 12:19 | Research | Loom |
| 12:21 | Build | Farm |
| 12:26 | Build | Farm |
| 12:29 | Build | House |
| 12:33 | Build | House |
| 12:36 | Create | Villager (Male) |
| 12:38 | Build | Farm |
| 12:39 | Create | Villager (Male) |
| 13:13 | Build | Farm |
| 13:19 | Build | Farm |
| 13:52 | Build | Farm |
| 13:54 | Build | Farm |
| 14:11 | Create | Villager (Male) |
| 14:16 | Build | Farm |
| 14:39 | Research | Loom |
| 14:46 | Build | Farm |
| 14:49 | Research | Loom |
| 14:49 | Research | Castle Age |
| 16:41 | Build | Barracks |
| 17:27 | Create | Spearman |
| 17:27 | Create | Spearman |
| 17:41 | Build | Stable |
| 17:54 | Age | Castle Age |
| 18:07 | Build | Town Center |
| 18:08 | Create | Villager (Male) |
| 18:09 | Create | Villager (Male) |
| 18:09 | Create | Villager (Male) |
| 18:13 | Research | Pikeman (upgrade) |
| 18:13 | Create | Spearman |
| 18:21 | Create | Villager (Male) |
| 18:53 | Create | Villager (Male) |
| 18:57 | Research | Bow Saw |
| 19:14 | Create | Villager (Male) |
| 19:14 | Create | Villager (Male) |
| 19:16 | Create | Villager (Male) |
| 19:27 | Build | House |
| 19:28 | Build | House |
| 20:01 | Create | Villager (Male) |
| 20:02 | Create | Villager (Male) |
| 20:03 | Create | Villager (Male) |
| 20:03 | Create | Villager (Male) |
| 20:03 | Create | Villager (Male) |
| 20:36 | Create | Villager (Male) |
| 20:36 | Create | Villager (Male) |
| 20:37 | Create | Villager (Male) |
| 20:43 | Build | Farm |
| 20:43 | Build | Farm |
| 20:44 | Build | Farm |
| 20:44 | Build | Farm |
| 20:44 | Build | Farm |
| 20:44 | Build | Farm |
| 20:45 | Create | Villager (Male) |
| 20:56 | Create | Villager (Male) |
| 20:56 | Create | Villager (Male) |
| 20:56 | Create | Villager (Male) |
| 21:04 | Research | Stone Mining |
| 21:17 | Create | Steppe Lancer |
| 21:17 | Create | Steppe Lancer |
| 21:54 | Create | Villager (Male) |
| 21:55 | Create | Villager (Male) |
| 21:58 | Build | Farm |
| 22:06 | Build | House |
| 22:07 | Build | House |
| 22:09 | Build | House |
| 22:21 | Build | Town Center |
| 22:24 | Create | Villager (Male) |
| 22:24 | Create | Villager (Male) |
| 22:49 | Research | Fletching |
| 23:00 | Build | Farm |
| 23:02 | Build | Farm |
| 23:04 | Build | Farm |
| 23:10 | Build | Farm |
| 23:30 | Build | Farm |
| 23:30 | Build | Farm |
| 23:31 | Create | Villager (Male) |
| 23:31 | Create | Villager (Male) |
| 23:32 | Create | Villager (Male) |
| 23:32 | Create | Villager (Male) |
| 23:33 | Create | Villager (Male) |
| 23:33 | Create | Villager (Male) |
| 24:06 | Build | Castle |
| 24:07 | Create | Villager (Male) |
| 24:08 | Create | Villager (Male) |
| 24:08 | Create | Villager (Male) |
| 24:09 | Create | Villager (Male) |
| 24:11 | Build | Farm |
| 24:12 | Build | Farm |
| 24:21 | Build | Farm |
| 24:21 | Create | Villager (Male) |
| 24:22 | Create | Villager (Male) |
| 24:22 | Create | Villager (Male) |
| 24:31 | Build | Farm |
| 24:37 | Build | Farm |
| 24:46 | Create | Villager (Male) |
| 24:47 | Create | Villager (Male) |
| 24:54 | Build | Farm |
| 24:56 | Build | Farm |
| 24:57 | Create | Villager (Male) |
| 24:57 | Create | Villager (Male) |
| 24:58 | Create | Villager (Male) |
| 25:00 | Build | House |
| 25:00 | Build | House |
| 25:01 | Build | House |
| 25:11 | Build | House |
| 25:12 | Build | House |
| 25:13 | Build | House |
Build order — Psaja
First 150 of 364 actions detected
| 0:03 | Build | House |
| 0:04 | Build | House |
| 0:05 | Create | Villager (Male) |
| 0:05 | Create | Villager (Male) |
| 0:05 | Create | Villager (Male) |
| 0:17 | Create | Villager (Male) |
| 0:17 | Create | Villager (Male) |
| 1:38 | Create | Villager (Male) |
| 1:38 | Create | Villager (Male) |
| 2:30 | Build | Lumber Camp |
| 2:43 | Create | Villager (Male) |
| 2:43 | Create | Villager (Male) |
| 2:43 | Create | Villager (Male) |
| 3:17 | Create | Villager (Male) |
| 3:18 | Create | Villager (Male) |
| 3:18 | Create | Villager (Male) |
| 3:18 | Create | Villager (Male) |
| 3:47 | Build | House |
| 4:08 | Create | Villager (Male) |
| 4:09 | Create | Villager (Male) |
| 4:09 | Create | Villager (Male) |
| 5:04 | Create | Villager (Male) |
| 5:04 | Create | Villager (Male) |
| 5:04 | Create | Villager (Male) |
| 5:05 | Create | Villager (Male) |
| 6:35 | Build | Mill |
| 6:39 | Create | Villager (Male) |
| 6:40 | Create | Villager (Male) |
| 6:40 | Create | Villager (Male) |
| 6:40 | Create | Villager (Male) |
| 6:40 | Create | Villager (Male) |
| 6:47 | Build | House |
| 7:43 | Build | House |
| 7:52 | Create | Villager (Male) |
| 8:16 | Build | House |
| 8:53 | Research | Feudal Age |
| 9:22 | Build | House |
| 9:49 | Build | Barracks |
| 10:33 | Build | House |
| 10:55 | Create | Villager (Male) |
| 10:56 | Create | Villager (Male) |
| 10:56 | Create | Villager (Male) |
| 10:56 | Create | Villager (Male) |
| 10:56 | Create | Villager (Male) |
| 10:56 | Create | Villager (Male) |
| 10:57 | Create | Villager (Male) |
| 10:57 | Create | Villager (Male) |
| 11:03 | Age | Feudal Age |
| 11:33 | Build | Palisade Gate |
| 11:38 | Build | House |
| 11:47 | Build | Farm |
| 11:50 | Create | Villager (Male) |
| 11:51 | Create | Villager (Male) |
| 11:57 | Research | Double-Bit Axe |
| 12:06 | Build | Mining Camp |
| 12:13 | Create | Villager (Male) |
| 12:13 | Create | Villager (Male) |
| 12:22 | Build | Farm |
| 12:36 | Build | Farm |
| 12:43 | Build | Stable |
| 12:45 | Build | Farm |
| 12:48 | Build | Farm |
| 12:49 | Build | Farm |
| 12:59 | Create | Villager (Male) |
| 13:00 | Create | Villager (Male) |
| 13:00 | Create | Villager (Male) |
| 13:24 | Research | Gold Mining |
| 13:38 | Create | Scout Cavalry |
| 13:41 | Create | Scout Cavalry |
| 13:51 | Build | Farm |
| 14:02 | Build | House |
| 14:07 | Build | Farm |
| 14:25 | Create | Scout Cavalry |
| 14:34 | Build | Farm |
| 14:41 | Create | Villager (Male) ×3 |
| 14:44 | Build | Mill |
| 14:49 | Build | Farm |
| 14:51 | Build | Farm |
| 14:54 | Build | Farm |
| 15:15 | Build | House |
| 15:23 | Create | Villager (Male) ×3 |
| 15:37 | Build | Blacksmith |
| 16:17 | Research | Wheelbarrow |
| 16:18 | Research | Town Watch |
| 16:20 | Research | Loom |
| 16:43 | Research | Forging |
| 16:53 | Build | House |
| 17:06 | Build | Farm |
| 17:13 | Create | Villager (Male) |
| 17:13 | Create | Villager (Male) |
| 17:13 | Create | Villager (Male) |
| 17:24 | Create | Scout Cavalry |
| 17:32 | Build | Farm |
| 17:43 | Build | Lumber Camp |
| 17:50 | Build | Farm |
| 18:10 | Research | Scale Barding Armor |
| 18:15 | Build | Farm |
| 18:47 | Build | Archery Range |
| 18:59 | Build | Farm |
| 19:06 | Create | Villager (Male) ×5 |
| 19:43 | Build | Farm |
| 19:45 | Build | Farm |
| 19:47 | Build | Farm |
| 19:53 | Create | Skirmisher |
| 19:53 | Create | Skirmisher |
| 19:54 | Create | Skirmisher |
| 21:44 | Build | Farm |
| 21:46 | Build | Farm |
| 21:49 | Research | Castle Age |
| 21:53 | Create | Villager (Male) ×5 |
| 21:53 | Create | Villager (Male) ×5 |
| 22:03 | Create | Skirmisher |
| 22:03 | Create | Skirmisher |
| 22:03 | Create | Skirmisher |
| 22:17 | Research | Fletching |
| 22:39 | Research | Stone Mining |
| 22:52 | Build | Lumber Camp |
| 23:13 | Build | Mining Camp |
| 23:29 | Create | Archer |
| 23:29 | Create | Archer |
| 24:32 | Age | Castle Age |
| 24:46 | Build | Town Center |
| 25:12 | Build | Town Center |
| 25:16 | Build | Farm |
| 25:19 | Research | Hand Cart |
| 25:19 | Research | Town Patrol |
| 25:28 | Research | Crossbowman (upgrade) |
| 25:31 | Research | Bodkin Arrow |
| 25:37 | Research | Husbandry |
| 25:50 | Create | Knight |
| 25:50 | Create | Knight |
| 25:53 | Build | Farm |
| 25:56 | Build | Farm |
| 26:23 | Research | Bow Saw |
| 26:35 | Research | Gold Shaft Mining |
| 27:01 | Build | Farm |
| 27:01 | Build | Farm |
| 27:24 | Research | Chain Barding Armor |
| 27:35 | Build | Farm |
| 27:48 | Create | Villager (Male) |
| 27:49 | Create | Villager (Male) |
| 27:49 | Create | Villager (Male) |
| 27:51 | Create | Villager (Male) ×5 |
| 28:09 | Create | Villager (Male) ×5 |
| 28:10 | Create | Villager (Male) ×3 |
| 28:19 | Build | Farm |
| 28:23 | Build | Farm |
| 28:37 | Build | House |
| 28:39 | Build | House |
| 28:40 | Build | House |
Build order — eh
First 150 of 742 actions detected
| 0:02 | Create | Villager (Male) |
| 0:03 | Create | Villager (Male) |
| 0:03 | Create | Villager (Male) |
| 0:03 | Create | Villager (Male) |
| 0:03 | Create | Villager (Male) |
| 0:04 | Create | Villager (Male) |
| 0:04 | Create | Villager (Male) |
| 0:06 | Build | House |
| 0:08 | Build | House |
| 0:12 | Build | House |
| 1:21 | Research | Loom |
| 1:21 | Create | Villager (Male) |
| 1:22 | Create | Villager (Male) |
| 1:22 | Create | Villager (Male) |
| 1:36 | Create | Villager (Male) |
| 2:25 | Create | Villager (Male) |
| 2:25 | Create | Villager (Male) |
| 2:42 | Create | Villager (Male) |
| 3:17 | Create | Villager (Male) |
| 3:17 | Create | Villager (Male) |
| 3:37 | Build | House |
| 3:38 | Build | House |
| 3:44 | Create | Villager (Male) |
| 3:44 | Create | Villager (Male) |
| 4:22 | Create | Villager (Male) |
| 4:22 | Create | Villager (Male) |
| 5:04 | Build | Lumber Camp |
| 5:20 | Build | House |
| 5:26 | Build | House |
| 5:29 | Create | Villager (Male) |
| 5:30 | Create | Villager (Male) |
| 5:35 | Create | Villager (Male) |
| 5:35 | Create | Villager (Male) |
| 5:35 | Create | Villager (Male) |
| 5:36 | Create | Villager (Male) |
| 5:36 | Create | Villager (Male) |
| 6:07 | Create | Villager (Male) |
| 6:08 | Create | Villager (Male) |
| 6:16 | Build | House |
| 6:26 | Create | Villager (Male) |
| 6:26 | Create | Villager (Male) |
| 7:01 | Build | House |
| 7:09 | Create | Villager (Male) |
| 7:09 | Create | Villager (Male) |
| 7:09 | Create | Villager (Male) |
| 7:37 | Build | House |
| 8:24 | Build | Mill |
| 8:43 | Build | House |
| 8:48 | Research | Feudal Age |
| 9:23 | Build | House |
| 9:25 | Build | House |
| 10:12 | Build | House |
| 10:13 | Build | House |
| 10:31 | Build | Mill |
| 10:38 | Create | Villager (Male) |
| 10:38 | Create | Villager (Male) |
| 10:55 | Build | House |
| 10:56 | Build | House |
| 10:59 | Age | Feudal Age |
| 11:00 | Create | Villager (Male) |
| 11:03 | Research | Double-Bit Axe |
| 11:03 | Research | Double-Bit Axe |
| 11:10 | Create | Villager (Male) |
| 11:10 | Create | Villager (Male) |
| 11:10 | Create | Villager (Male) |
| 11:26 | Build | House |
| 11:28 | Build | House |
| 12:01 | Build | House |
| 12:03 | Build | House |
| 12:11 | Research | Horse Collar |
| 12:59 | Build | Market |
| 13:17 | Create | Villager (Male) |
| 13:17 | Create | Villager (Male) |
| 13:40 | Build | Blacksmith |
| 14:23 | Create | Villager (Male) |
| 14:23 | Create | Villager (Male) |
| 14:36 | Build | House |
| 14:37 | Build | House |
| 14:46 | Build | Farm |
| 14:47 | Build | Farm |
| 14:48 | Build | Farm |
| 14:49 | Build | Farm |
| 14:52 | Build | Farm |
| 15:25 | Build | Farm |
| 15:27 | Create | Villager (Male) |
| 15:35 | Build | Farm |
| 15:37 | Build | Farm |
| 15:44 | Build | Farm |
| 15:52 | Build | House |
| 15:59 | Create | Villager (Male) |
| 16:05 | Build | Farm |
| 16:06 | Build | Farm |
| 16:40 | Build | House |
| 16:50 | Build | Farm |
| 16:53 | Build | Farm |
| 16:57 | Research | Castle Age |
| 17:32 | Build | Barracks |
| 18:10 | Research | Scale Barding Armor |
| 18:12 | Research | Forging |
| 18:34 | Build | Stable |
| 19:18 | Research | Wheelbarrow |
| 19:37 | Age | Castle Age |
| 19:40 | Build | Town Center |
| 19:45 | Build | House |
| 19:46 | Build | House |
| 19:49 | Research | Husbandry |
| 19:57 | Build | Monastery |
| 20:10 | Create | Villager (Male) |
| 20:14 | Create | Villager (Male) |
| 20:14 | Create | Villager (Male) |
| 20:14 | Create | Villager (Male) |
| 20:14 | Create | Villager (Male) |
| 20:16 | Create | Villager (Male) |
| 20:16 | Create | Villager (Male) |
| 20:21 | Build | Farm |
| 20:23 | Build | Farm |
| 20:24 | Build | Farm |
| 20:26 | Build | Farm |
| 20:29 | Create | Villager (Male) |
| 20:29 | Create | Villager (Male) |
| 20:44 | Create | Villager (Male) |
| 20:45 | Create | Villager (Male) |
| 20:54 | Build | Farm |
| 20:56 | Build | Farm |
| 20:58 | Build | Farm |
| 21:13 | Create | Villager (Male) |
| 21:13 | Create | Villager (Male) |
| 21:14 | Create | Villager (Male) |
| 21:14 | Create | Villager (Male) |
| 21:36 | Build | House |
| 21:37 | Build | House |
| 22:06 | Build | Town Center |
| 22:22 | Create | Villager (Male) |
| 22:22 | Create | Villager (Male) |
| 22:22 | Create | Villager (Male) |
| 22:23 | Create | Villager (Male) |
| 22:23 | Create | Villager (Male) |
| 22:23 | Create | Villager (Male) |
| 22:23 | Create | Villager (Male) |
| 22:24 | Create | Villager (Male) |
| 22:24 | Create | Villager (Male) |
| 22:24 | Create | Villager (Male) |
| 22:25 | Create | Villager (Male) |
| 22:32 | Create | Monk |
| 22:48 | Build | House |
| 23:08 | Create | Villager (Male) |
| 23:08 | Create | Villager (Male) |
| 23:09 | Create | Villager (Male) |
| 23:09 | Create | Villager (Male) |
| 23:09 | Create | Villager (Male) |
Build order — Subzero
First 150 of 317 actions detected
| 0:07 | Build | House |
| 0:09 | Create | Villager (Male) ×4 |
| 1:42 | Create | Villager (Male) |
| 1:48 | Build | House |
| 2:13 | Create | Villager (Male) |
| 2:46 | Create | Villager (Male) |
| 2:56 | Build | Palisade Wall |
| 3:10 | Create | Villager (Male) |
| 3:42 | Create | Villager (Male) ×2 |
| 4:03 | Create | Villager (Male) |
| 4:03 | Create | Villager (Male) |
| 4:12 | Build | House |
| 5:39 | Create | Villager (Male) ×2 |
| 5:39 | Create | Villager (Male) ×2 |
| 6:52 | Create | Villager (Male) |
| 7:29 | Build | House |
| 7:32 | Create | Villager (Male) |
| 7:32 | Create | Villager (Male) |
| 7:33 | Create | Villager (Male) |
| 7:42 | Build | Mill |
| 8:06 | Create | Villager (Male) |
| 9:01 | Create | Villager (Male) |
| 9:01 | Create | Villager (Male) |
| 9:02 | Create | Villager (Male) |
| 9:03 | Create | Villager (Male) |
| 9:24 | Build | Lumber Camp |
| 10:55 | Research | Feudal Age |
| 11:05 | Build | House |
| 12:44 | Build | Lumber Camp |
| 13:05 | Age | Feudal Age |
| 13:09 | Research | Wheelbarrow |
| 13:12 | Research | Double-Bit Axe |
| 13:14 | Research | Horse Collar |
| 13:17 | Create | Villager (Male) ×5 |
| 14:10 | Build | Farm |
| 14:11 | Build | Farm |
| 14:12 | Build | Farm |
| 14:13 | Build | Farm |
| 14:15 | Build | Farm |
| 14:17 | Build | Farm |
| 14:18 | Build | Farm |
| 14:45 | Build | Mining Camp |
| 15:21 | Build | House |
| 15:44 | Build | Market |
| 15:53 | Build | Blacksmith |
| 16:14 | Build | Barracks |
| 17:08 | Create | Spearman ×5 |
| 17:14 | Build | Barracks |
| 17:27 | Create | Villager (Male) |
| 17:27 | Create | Villager (Male) |
| 17:37 | Build | House |
| 18:00 | Create | Spearman |
| 18:00 | Create | Spearman |
| 18:13 | Build | House |
| 18:43 | Build | Farm |
| 18:45 | Build | Farm |
| 19:40 | Research | Castle Age |
| 20:05 | Research | Stone Mining |
| 20:18 | Build | Farm |
| 20:20 | Build | Farm |
| 22:10 | Build | Stone Wall |
| 22:14 | Build | Gate |
| 22:19 | Build | Stone Wall |
| 22:20 | Age | Castle Age |
| 22:40 | Build | Town Center |
| 22:44 | Create | Villager (Male) ×5 |
| 22:53 | Build | Town Center |
| 23:07 | Build | Town Center |
| 23:43 | Build | Farm |
| 23:49 | Create | Villager (Male) |
| 24:02 | Create | Villager (Male) ×5 |
| 24:02 | Create | Villager (Male) ×5 |
| 24:24 | Create | Villager (Male) ×5 |
| 24:30 | Build | Mining Camp |
| 24:53 | Create | Villager (Male) |
| 24:54 | Create | Villager (Male) |
| 25:10 | Build | Farm |
| 25:11 | Build | Farm |
| 25:22 | Build | Farm |
| 25:24 | Build | Farm |
| 25:25 | Build | Farm |
| 25:27 | Build | Farm |
| 25:34 | Create | Villager (Male) |
| 25:38 | Research | Gold Mining |
| 25:41 | Create | Villager (Male) |
| 25:41 | Create | Villager (Male) |
| 26:08 | Build | Farm |
| 26:09 | Build | Farm |
| 26:13 | Build | Farm |
| 26:14 | Build | Farm |
| 26:21 | Build | House |
| 26:46 | Build | House |
| 26:47 | Build | House |
| 26:48 | Build | House |
| 26:49 | Build | House |
| 27:03 | Create | Villager (Male) |
| 27:03 | Create | Villager (Male) |
| 27:07 | Create | Villager (Male) |
| 27:08 | Create | Villager (Male) |
| 27:10 | Create | Villager (Male) |
| 27:18 | Create | Villager (Male) |
| 27:49 | Create | Villager (Male) |
| 27:49 | Create | Villager (Male) |
| 27:51 | Create | Villager (Male) |
| 27:51 | Create | Villager (Male) |
| 27:53 | Create | Villager (Male) |
| 27:54 | Create | Villager (Male) |
| 27:57 | Create | Villager (Male) |
| 27:57 | Create | Villager (Male) |
| 28:25 | Build | Castle |
| 28:34 | Create | Villager (Male) |
| 28:37 | Create | Villager (Male) |
| 28:39 | Create | Villager (Male) |
| 28:44 | Build | House |
| 28:45 | Build | House |
| 28:46 | Build | House |
| 28:48 | Build | House |
| 28:49 | Build | House |
| 28:51 | Build | House |
| 28:52 | Build | House |
| 28:53 | Build | House |
| 28:54 | Build | House |
| 28:57 | Build | House |
| 28:57 | Build | House |
| 28:59 | Build | House |
| 29:00 | Build | House |
| 29:12 | Build | Farm |
| 29:15 | Create | Villager (Male) |
| 29:15 | Create | Villager (Male) |
| 29:17 | Create | Villager (Male) |
| 29:17 | Create | Villager (Male) |
| 29:35 | Create | Villager (Male) |
| 29:36 | Create | Villager (Male) |
| 29:42 | Create | Villager (Male) |
| 29:43 | Create | Villager (Male) |
| 29:51 | Build | Farm |
| 30:00 | Build | Farm |
| 30:02 | Build | Farm |
| 30:04 | Build | Farm |
| 30:05 | Build | Farm |
| 30:17 | Build | Farm |
| 30:20 | Create | Villager (Male) |
| 30:23 | Create | Villager (Male) |
| 30:25 | Create | Villager (Male) |
| 30:27 | Create | Villager (Male) |
| 30:45 | Build | Siege Workshop |
| 30:51 | Build | Farm |
| 30:53 | Create | Villager (Male) |
| 30:58 | Create | Villager (Male) |
| 31:01 | Build | Farm |
Match timeline
| 2:56 | Subzero · wall_segment Palisade Wall x15 |
| 9:49 | Psaja · first_building Barracks |
| 10:06 | 76561198443206480 · age_up feudal |
| 10:59 | eh · age_up feudal |
| 11:03 | Psaja · age_up feudal |
| 12:43 | Psaja · first_building Stable |
| 13:05 | Subzero · age_up feudal |
| 14:06 | 76561198443206480 · first_market_buy 100 food |
| 15:18 | eh · first_market_sell 100 wood |
| 16:14 | Subzero · first_building Barracks |
| 16:41 | 76561198443206480 · first_building Barracks |
| 17:32 | eh · first_building Barracks |
| 17:41 | 76561198443206480 · first_building Stable |
| 17:54 | 76561198443206480 · age_up castle |
| 18:34 | eh · first_building Stable |
| 18:47 | Psaja · first_building Archery Range |
| 18:52 | Subzero · first_market_sell 100 wood |
| 19:34 | Subzero · first_market_buy 100 food |
| 19:37 | eh · age_up castle |
| 19:57 | eh · first_building Monastery |
| 22:10 | Subzero · wall_segment Stone Wall x5 |
| 22:19 | Subzero · wall_segment Stone Wall x5 |
| 22:20 | Subzero · age_up castle |
| 24:06 | 76561198443206480 · first_building Castle |
| 24:17 | eh · first_market_buy 100 wood |
| 24:32 | Psaja · age_up castle |
| 28:25 | Subzero · first_building Castle |
| 28:44 | eh · first_building Castle |
| 30:45 | Subzero · first_building Siege Workshop |
| 34:10 | 76561198443206480 · first_building Siege Workshop |
| 34:49 | Subzero · age_up imperial |
| 35:31 | Psaja · first_building Castle |
| 35:40 | eh · age_up imperial |
| 36:15 | 76561198443206480 · age_up imperial |
| 36:36 | Psaja · first_building Monastery |
| 37:54 | Psaja · first_building Siege Workshop |
| 38:26 | 76561198443206480 · first_building Archery Range |
| 40:34 | Psaja · age_up imperial |
| 47:10 | eh · first_building Archery Range |
| 56:46 | eh · resign |
[ AI ANALYSIS · 1 CREDIT ]
What really happened in this match?
Wolo.gg analyzes every decision: build order, eco, micro, common mistakes by bracket. Personalized analysis on WhatsApp or Discord in 30 seconds.
Civ guide
Mongols
Perfil
Jugador #9896158